 Dungeon Crawl Stone Soup version 0.26-a0-79-g47e9afce7f (webtiles) character file.

Game seed: 2761010322612280042

88 vurker the Bolt Thrower (level 4, 0/34 HPs)
             Began as a Formicid Arcane Marksman on June 15, 2020.
             Succumbed to Crazy Yiuf's poison
             ... on level 2 of the Dungeon.
             The game lasted 00:02:24 (1595 turns).

vurker the Bolt Thrower (Formicid Arcane Marksman)  Turns: 1595, Time: 00:02:24

Health: 0/34       AC:  7    Str: 15    XL:     4   Next: 81%
Magic:  0/5        EV:  9    Int: 13    God:
Gold:   47         SH:  0    Dex: 11    Spells: 4/5 levels left

rFire    . . .     SeeInvis +   a - +0 hand crossbow
rCold    . . .     Gourm    .   (no shield)
rNeg     . . .     Faith    .   l - +0 scale mail
rPois    .         Spirit   .   (helmet unavailable)
rElec    .         Reflect  .   (no cloak)
rCorr    .         Harm     .   (no gloves)
MR       +....                  c - +0 pair of boots
Stlth    ..........             (no amulet)
HPRegen  0.11/turn              h - ring of protection from magic
MPRegen  0.09/turn              (no ring)

@: lethally poisoned (0 -> -14)
A: permanent stasis, dig shafts and tunnels, four strong arms, antennae 3
a: Dig, Shaft Self


You were on level 2 of the Dungeon.
You were not hungry.

You visited 1 branch of the dungeon, and saw 2 of its levels.

You collected 47 gold pieces.

Inventory:

Hand Weapons
 a - a +0 hand crossbow (weapon)
 b - a +0 short sword
   (You took it off a kobold on level 1 of the Dungeon)
Missiles
 d - 15 bolts (quivered)
Armour
 c - a +0 pair of boots (worn)
   (You found it on level 1 of the Dungeon)
 l - a +0 scale mail (worn)
   (You found it on level 1 of the Dungeon)
Jewellery
 h - a ring of protection from magic (left hand)
   (You found it on level 1 of the Dungeon)
Scrolls
 g - a scroll of teleportation {unknown}
 j - a scroll of random uselessness {unknown}
 k - 3 scrolls of magic mapping {unknown}
 n - a scroll of remove curse {unknown}
Potions
 m - a potion of flight {unknown}
Comestibles
 e - 3 rations
 o - a chunk of flesh


   Skills:
 + Level 2.7 Fighting
 * Level 3.9 Crossbows
 - Level 1.7 Dodging
 - Level 1.1 Spellcasting
 - Level 3.6 Hexes


You had 4 spell levels left.
You knew the following spells:

 Your Spells              Type           Power        Failure   Level  Hunger
a - Corona                Hex            ##.....      26%         1    ##.....

Your spell library contained the following spells:

 Spells                   Type           Power        Failure   Level  Hunger
 Slow                     Hex            ##......     38%         2    ###....
 Inner Flame              Hex/Fire       #.......     86%         3    ####...
 Portal Projectile        Hex/Tloc       #.....       86%         3    ####...
 Cause Fear               Hex            ##........   95%         4    #####..
 Leda's Liquefaction      Hex/Erth       #.........   99%         4    #####..


Dungeon Overview and Level Annotations

Branches:
Dungeon (2/15)

Altars:

Annotations:
D:2 Crazy Yiuf


Innate Abilities, Weirdness & Mutations

You cannot be hasted, slowed, berserked, paralysed or teleported.
You can dig through walls and to a lower floor.
Your four strong arms can wield two-handed weapons with a shield.
You have a pair of large antennae on your head. (SInv)


Message History

You are no longer poisoned.
d - 19 bolts (gained 8)
You butcher the dart slug corpse.
o - a chunk of flesh
Found a mace.
No target in view!
Crazy Yiuf shouts!
Crazy Yiuf says, "Buddy high eyeball!"
You sense a monster nearby.
Crazy Yiuf says, "Goldfish tortoise dark!"
Here: Crazy Yiuf, wielding a +2 quarterstaff of chaos and wearing a +0 cloak (fire blocked by a runed translucent door)
The floor.
Unknown command.
You open the door.
Firing (i - inventory)
d - 19 bolts (quivered)
Aim: Crazy Yiuf, wielding a +2 quarterstaff of chaos and wearing a +0 cloak You shoot a bolt.
The bolt hits Crazy Yiuf.
Crazy Yiuf hits you but does no damage.
You are poisoned.
Firing (i - inventory)
d - 18 bolts (quivered)
Aim: Crazy Yiuf, wielding a +2 quarterstaff of chaos and wearing a +0 cloak (moderately wounded)
You shoot a bolt. The bolt completely misses Crazy Yiuf.
You feel sick.
Crazy Yiuf hits you with a +2 quarterstaff of chaos.
Crazy Yiuf burns you.
Firing (i - inventory)
d - 17 bolts (quivered)
Aim: Crazy Yiuf, wielding a +2 quarterstaff of chaos and wearing a +0 cloak (moderately wounded)
You shoot a bolt. The bolt hits Crazy Yiuf!
Crazy Yiuf cries, "You!"
Crazy Yiuf hits you with a +2 quarterstaff of chaos.
You are more poisoned.
Crazy Yiuf hits you but does no damage.
Firing (i - inventory)
d - 16 bolts (quivered)
Aim: Crazy Yiuf, wielding a +2 quarterstaff of chaos and wearing a +0 cloak (almost dead)
You shoot a bolt. The bolt barely misses Crazy Yiuf.
You feel sick.
Crazy Yiuf hits you with a +2 quarterstaff of chaos!
* * * LOW HITPOINT WARNING * * *
You feel your power leaking away.
Unknown command.
It was a potion of stabbing.
You feel ready to backstab.
* * * LOW HITPOINT WARNING * * *
You feel sick.
Crazy Yiuf hits you with a +2 quarterstaff of chaos.
* * * LOW HITPOINT WARNING * * *
You feel very mighty all of a sudden.
It was a potion of cancellation.
Your magical effects are unravelling.
You feel magically purged.
You feel a little less mighty now.
You feel less ready to backstab.
You die...

#..# #.......##..)...............
.#.####.####......##.............
.#..# #.#......................<.
..#.# #.################.........
#...# ### #......... ##..#
####♣♣♣♣♣ ##.÷.#.###
###.###.#...♣.♣♣♣ ### ##<...#
.............♣..♣#...# #......#
####........♣♣♣♣@g..(# #..#.#.# #
####.#..♣♣ ♣♣#..)# #.. ...# #
####♣♣ ### ##. .#.# # ## .... #
.. .. .#.... {


You could see Crazy Yiuf.

Vanquished Creatures
  A gnoll (D:1)
  3 adders (D:2)
  A worm (D:2)
  3 dart slugs
  2 leopard geckos (D:1)
  8 bats
  2 giant cockroaches (D:1)
  5 goblins
  4 hobgoblins
  6 kobolds (D:1)
  A frilled lizard (D:1)
  4 rats
40 creatures vanquished.

Notes
Turn   | Place    | Note
-------+----------+-------------------------------------------
     0 | D:1      | vurker the Formicid Arcane Marksman began the quest for the
                  | Orb.
     0 | D:1      | Reached XP level 1. HP: 15/15 MP: 2/2
    74 | D:1      | Reached XP level 2. HP: 21/21 MP: 3/3
   341 | D:1      | Reached XP level 3. HP: 25/27 MP: 4/4
   890 | D:1      | Reached XP level 4. HP: 28/33 MP: 5/5
  1583 | D:2      | Found a runed translucent door.
  1584 | D:2      | Noticed Crazy Yiuf
  1595 | D:2      | Succumbed to Crazy Yiuf's poison

Illustrated notes

Levels and vault maps discovered:
D:1:      enne_arrival_octagon_isle, layout_rooms, minmay_tree_intersection
D:2:      layout_rooms, chequers_temple_overflow_minitemple, minmay_cupped,
          uniq_crazy_yiuf_cottage

Skill      XL: |  1  2  3 |
---------------+----------+-----
Crossbows      | 3 |  3.9
Fighting       | 2 |  2.7
Dodging        | |  1.7
Spellcasting   | |  1.1
Hexes          | |  3.6

Action                   |  1- 3 |  4- 6 || total
-------------------------+-------+-------++-------
Melee: Short sword       |   106 |    24 ||   130
 Fire: Hand crossbow     |     8 |    21 ||    29
  Use: Potion            |       |     2 ||     2
 Stab: Sleeping          |     1 |       ||     1
  Eat: Chunk             |       |     2 ||     2
Armor: Robe              |    18 |       ||    18
       Scale mail        |    48 |    13 ||    61
Dodge: Dodged            |    86 |    11 ||    97

Table legend:
 A = Non-vault XP
 B = Vault XP
 C = Vault XP percentage of total XP
 D = Non-vault monster count
 E = Vault monster count
 F = Vault count percentage of total count
                 A         B        C        D         E       F
            +---------+---------+-------+---------+---------+-------
      Total |     113 |      13 |  10.3 |      39 |       1 |   2.5
            +---------+---------+-------+---------+---------+-------
        D:1 |      71 |       0 |   0.0 |      31 |       0 |   0.0
        D:2 |      42 |      13 |  23.6 |       8 |       1 |  11.1
            +---------+---------+-------+---------+---------+-------
